Map: Orbital Shipyard

Players

AziaQc

  • Race: Terran Terran
  • League: Diamond

LilDicky - Winner!

  • Race: Terran Terran
  • League: Diamond

VOD

http://www.twitch.tv/tumescentpie

Description

Time

  • Played on: Dec. 7, 2015, 2:49 p.m.
  • Length: 7:25
Show
View Real Time Build Order
Export as new Build Order

AziaQc Terran 

Build Orders: Reaper Expand, Bio Tank, MMM Bio 

Get SALT Encoding   

  12  0:01  SCV  
  13  0:13  SCV  
  14  0:18  Supply Depot  
  14  0:25  SCV  
  15  0:40  SCV  
  15  0:42  Barracks  
  16  0:48  Refinery  
  16  0:52  SCV  
  17  1:04  SCV  
  18  1:16  SCV  
  19  1:29  Orbital Command  
  19  1:31  Reaper  
  20  1:40  Command Center  
  20  1:54  Supply Depot  
  20  1:55  SCV  
  21  2:06  Reaper  
  21  2:07  SCV  
  23  2:19  SCV  
  24  2:26  Factory  
  24  2:31  SCV  
  25  2:40  Barracks  
  25  2:42  Barracks  
  25  2:44  SCV  
  26  2:48  Marine  
  27  2:55  Refinery  
  27  2:56  SCV  
  28  3:09  SCV  
  28  3:12  Factory Tech Lab, Barracks Tech Lab  
  29  3:17  Orbital Command  
  29  3:21  SCV  
  30  3:28  Marine  
  30  3:29  Marine  
  30  3:33  SCV  
  33  3:35  Siege Tank  
  33  3:36  Marine  
  37  3:42  SCV  
  37  3:45  SCV  
  37  3:47  Supply Depot, Marine  
  40  3:48  Marine  
  40  3:49  Stimpack  
  40  3:54  Marine  
  40  3:55  SCV  
  43  3:57  SCV  
  43  3:58  Supply Depot  
  44  4:05  Marine  
  44  4:06  Marine  
  44  4:09  SCV  
  47  4:10  Siege Tank  
  47  4:13  SCV  
  51  4:20  Supply Depot  
  51  4:21  SCV  
  51  4:23  Refinery  
  52  4:25  Barracks Reactor, SCV  
  52  4:26  Marine x2  
  55  4:34  SCV, Barracks  
  55  4:35  Barracks  
  55  4:37  SCV  
  57  4:42  Siege Tank  
  57  4:43  Marine  
  57  4:44  Marine  
  62  4:46  SCV  
  62  4:49  SCV  
  64  4:58  SCV  
  65  5:01  SCV, Marine  
  65  5:05  Marine  
  65  5:06  Marine x2  
  66  5:19  Marine  
  67  5:24  Barracks Reactor x2  
  67  5:25  Siege Tank  
  66  5:31  SCV x2  
  66  5:35  Engineering Bay  
  61  5:44  Marine  
  61  5:45  Marine x3  
  64  5:59  Cyclone  
  64  6:02  Marine x2  
  68  6:05  Combat Shields  
  68  6:06  Marine x2  
  68  6:07  Barracks Reactor  
  70  6:15  Command Center  
  70  6:16  Supply Depot x3  
  70  6:21  Marine x3  
  70  6:37  Marine  
  70  6:38  Siege Tank  
  74  6:40  Marine x4  
  74  6:49  Marine x4  
  65  6:55  Marine  
Show
View Real Time Build Order
Export as new Build Order

LilDicky Terran - Winner!

Build Orders: Banshee Rush 

Get SALT Encoding   

  12  0:01  SCV  
  13  0:13  SCV  
  14  0:18  Supply Depot  
  14  0:25  SCV  
  15  0:32  Refinery  
  15  0:40  SCV  
  16  0:44  Barracks  
  16  0:52  SCV  
  17  1:04  SCV  
  18  1:16  SCV  
  19  1:19  Refinery  
  19  1:28  SCV  
  19  1:32  Supply Depot, Reaper  
  21  1:41  Orbital Command  
  21  1:52  Factory  
  21  2:04  Marine  
  22  2:10  SCV  
  23  2:16  Supply Depot  
  23  2:21  Marine  
  24  2:36  Hellion  
  26  2:37  Starport  
  26  2:39  Marine  
  27  2:57  Marine  
  28  3:10  Factory Tech Lab  
  27  3:13  Starport Tech Lab  
  27  3:15  Hellion, Marine  
  30  3:22  Command Center  
  30  3:23  SCV  
  31  3:29  Supply Depot  
  31  3:32  Cloaking Field  
  31  3:33  Marine  
  32  3:36  Banshee  
  35  3:48  Factory Tech Lab  
  35  3:51  SCV  
  35  3:55  Supply Depot  
  36  4:03  SCV  
  33  4:10  Barracks Reactor  
  33  4:12  Supply Depot  
  33  4:19  Siege Tank  
  33  4:20  Banshee  
  39  4:29  SCV  
  40  4:34  Refinery  
  40  4:37  Orbital Command  
  40  4:42  SCV  
  41  4:51  Siege Tank  
  44  4:53  Marine  
  44  5:19  Banshee  
  47  5:23  Siege Tank  
  47  5:26  Marine  
  47  5:27  Marine  
  52  5:45  Marine x2  
  54  5:55  Siege Tank  
  54  6:02  Banshee  
  57  6:16  Marine  
  58  6:27  Siege Tank  
Tags
 
Add a new tag
Caveats
  • Supply blocks, unpowered buildings, or Contaminate may cause inaccurate times.
  • Supply counts are checked every 10 seconds.